 Dungeon Crawl Stone Soup version 0.22-b1-26-g9dbaab1 (webtiles) character file.

467 dvd the Cudgeler (level 6, -3/62 HPs)
             Began as a Troll Berserker on Aug 6, 2018.
             Was a Priest of Trog.
             Slain by an orc warrior
             ... wielding a +0 trident
              (20 damage)
             ... on level 5 of the Dungeon.
             The game lasted 00:07:21 (3162 turns).

dvd the Cudgeler (Troll Berserker)                  Turns: 3162, Time: 00:07:21

Health: -3/62      AC:  5    Str: 26    XL:     6   Next: 81%
Magic:  14/14      EV: 11    Int:  3    God:    Trog [***...]
Gold:   129        SH:  0    Dex: 11    Spells: 5/5 levels left

rFire    . . .     SeeInvis .   u - +0 war axe (chop)
rCold    . . .     Gourm    +   (no shield)
rNeg     . . .     Faith    .   b - +0 animal skin
rPois    .         Spirit   .   (helmet restricted)
rElec    .         Reflect  .   (no cloak)
rCorr    .         Harm     .   (gloves unavailable)
MR       ++...                  (boots unavailable)
Stlth    ..........             (no amulet)
HPRegen  1.60/turn              i - ring of magical power
MPRegen  0.14/turn              f - ring of attention

@: berserk cooldown, regenerating, slowed, very slow
A: large, unfitting armour, claws 3, fast metabolism 3, gourmand, regeneration
1, shaggy fur 1, tough skin 2
a: Berserk, Trog's Hand, Renounce Religion


You were on level 5 of the Dungeon.
You worshipped Trog.
Trog was most pleased with you.
You were very full.

You visited 1 branch of the dungeon, and saw 5 of its levels.

You collected 129 gold pieces.

Inventory:

Hand Weapons
 a - a +0 mace
 m - a +0 hand axe
 u - a +0 war axe of chopping (weapon)
Missiles
 o - 3 tomahawks (quivered)
Armour
 b - a +0 animal skin (worn)
Jewellery
 f - a ring of attention (right claw)
 i - a ring of magical power (left claw)
Wands
 w - a wand of iceblast (9)
Scrolls
 e - 2 scrolls of magic mapping {unknown}
 j - a scroll of fog {unknown}
 k - 3 scrolls of remove curse
 n - 4 scrolls of identify {unknown}
 p - 2 scrolls of teleportation {unknown}
 r - 2 scrolls of enchant weapon {unknown}
Potions
 d - a potion of cancellation {unknown}
 g - a potion of flight {unknown}
 h - a potion of invisibility {unknown}
 l - 3 potions of heal wounds {unknown}
 q - a potion of curing {unknown}
 t - 3 potions of lignification {unknown}
 v - a potion of mutation {unknown}
Comestibles
 c - 7 rations
 s - 3 chunks of flesh


   Skills:
 + Level 3.7 Fighting
 + Level 1.0(3.0) Axes
 + Level 5.1(5.2) Maces & Flails
 + Level 0.4 Throwing
 + Level 3.7 Dodging
 + Level 0.3 Stealth


You had 5 spell levels left.
You didn't know any spells.
Your spell library was empty.

Dungeon Overview and Level Annotations

Branches:
Dungeon (5/15)             Temple (0/1) D:4

Altars:
Cheibriados
Trog
Yredelemnul


Innate Abilities, Weirdness & Mutations

You are too large for most types of armour.
You have claws for hands.
Your metabolism is lightning-fast.
You like to eat raw meat.
Your natural rate of healing is unusually fast.
You are covered in fur. (AC +1)
You have very tough skin. (AC +2)


Message History

You kill the orc!
Trog accepts your kill. The orc warrior barely misses you.
You closely miss the orc warrior.
You are no longer berserk.
You are exhausted.
You feel yourself slow down.
Unknown command.
Your skin crawls.
You feel resistant to hostile enchantments.
You feel quite a bit less full.
The orc warrior hits you with a trident!!
The orc warrior hits you with a trident!
* * * LOW HITPOINT WARNING * * *
Unknown command.
As you read the scroll labeled YPOLOK DIPESUGG, it crumbles to dust.
You feel as if something is helping you.
It was a scroll of remove curse.
The ball python closely misses you.
The orc warrior hits you with a trident!!
You die...

#.......#
#.......#
#.......#
#.......#
#.......#
#.......#
#)oS....#
#.@)....#
###..######
#...###
##.....##
#.....<.##
#.........#
#.........#
#.........#
...........#


You could see an orc warrior and a ball python.

Vanquished Creatures
  A jelly (D:2)
  3 orc priests
  An iguana (D:4)
  2 worker ants (D:4)
  4 gnolls (D:2)
  7 adders
  9 oozes (D:2)
  2 worms (D:3)
  6 dart slugs
  A leopard gecko (D:1)
  15 orcs
  5 giant cockroaches
  7 goblins
  7 hobgoblins
  5 jackals (D:4)
  4 quokkas
  A ball python (D:1)
  4 bats
  5 frilled lizards
  A jackal skeleton (D:4)
  20 kobolds
  4 rats
  A spectral orc (D:2)
115 creatures vanquished.

Vanquished Creatures (others)
  2 fungi (D:2)
  11 toadstools (D:2)
13 creatures vanquished.

Grand Total: 128 creatures vanquished

Notes
Turn   | Place    | Note
-------+----------+-------------------------------------------
     0 | D:1      | dvd the Troll Berserker began the quest for the Orb.
     0 | D:1      | Reached XP level 1. HP: 22/22 MP: 0/0
   241 | D:1      | Reached XP level 2. HP: 24/29 MP: 1/1
   333 | D:1      | Reached skill level 3 in Maces & Flails
   905 | D:2      | Reached XP level 3. HP: 27/36 MP: 2/2
  1049 | D:2      | Reached ** piety under Trog
  1140 | D:2      | Reached XP level 4. HP: 42/44 MP: 3/3
  1389 | D:2      | Found a basalt altar of Yredelemnul.
  1458 | D:2      | Reached skill level 4 in Maces & Flails
  1575 | D:2      | Reached XP level 5. HP: 47/53 MP: 4/4
  1788 | D:2      | Found a snail-covered altar of Cheibriados.
  2547 | D:4      | Reached XP level 6. HP: 61/61 MP: 5/5
  2612 | D:4      | Reached *** piety under Trog
  2839 | D:4      | Found a staircase to the Ecumenical Temple.
  2849 | D:4      | Reached skill level 5 in Maces & Flails
  3041 | D:4      | Found a bloodstained altar of Trog.
  3146 | D:5      | Entered Level 5 of the Dungeon
  3150 | D:5      | Noticed an orc warrior
  3153 | D:5      | Reached skill level 1 in Axes
  3162 | D:5      | Slain by an orc warrior

Skill      XL: |  1  2  3  4  5  6 |
---------------+-------------------+-----
Maces & Flails | 3 4 5 |  5.1
Dodging        | 3 |  3.7
Fighting       | 3 |  3.7
Axes           | 1 |  1.0
Throwing       | |  0.4
Stealth        | |  0.3

Action                   |  1- 3 |  4- 6 || total
-------------------------+-------+-------++-------
Melee: Mace              |   128 |   181 ||   309
       War axe           |       |    35 ||    35
Throw: Tomahawk          |       |    16 ||    16
       Throwing net      |       |     1 ||     1
Invok: Berserk           |       |     4 ||     4
       Trog's Hand       |       |     1 ||     1
  Use: Scroll            |       |     1 ||     1
 Stab: Sleeping          |       |     1 ||     1
  Eat: Chunk             |    16 |    22 ||    38
Armor: Animal skin       |    58 |    85 ||   143
Dodge: Dodged            |    77 |   115 ||   192
